 Dungeon Crawl Stone Soup version 0.24.0-13-gcf9b319 (webtiles) character file.

Game seed: 14291597667600746268, levelgen mode: deterministic

77 Balder the Chopper (level 4, -2/40 HPs)
             Began as a Hill Orc Fighter on Apr 21, 2020.
             Slain by a gnoll
             ... wielding a +0 halberd
              (11 damage)
             ... on level 2 of the Dungeon.
             The game lasted 00:07:45 (933 turns).

Balder the Chopper (Hill Orc Fighter)                Turns: 933, Time: 00:07:46

Health: -2/40      AC:  9    Str: 23    XL:     4   Next: 33%
Magic:  4/4        EV:  5    Int:  8    God:
Gold:   83         SH:  9    Dex: 11    Spells: 3/3 levels left

rFire    . . .     SeeInvis .   a - +0 war axe
rCold    . . .     Gourm    .   c - +0 shield
rNeg     . . .     Faith    .   p - +0 chain mail
rPois    .         Spirit   .   (no helmet)
rElec    .         Reflect  .   (no cloak)
rCorr    .         Harm     .   (no gloves)
MR       .....                  (no boots)
Stlth    ..........             (no amulet)
HPRegen  0.13/turn              (no ring)
MPRegen  0.09/turn              (no ring)

@: mighty
A: no striking features
a: no special abilities


You were on level 2 of the Dungeon.
You were not hungry.

You visited 1 branch of the dungeon, and saw 2 of its levels.

You collected 83 gold pieces.

Inventory:

Hand Weapons
 a - a +0 war axe (weapon)
Armour
 c - a +0 shield (worn)
 p - a +0 chain mail (worn)
Jewellery
 e - an uncursed ring of positive energy {unknown}
Scrolls
 g - a scroll of blinking {unknown}
 j - a scroll of fog {unknown}
 k - a scroll of remove curse
 n - a scroll of enchant armour {unknown}
Potions
 b - a potion of invisibility {unknown}
 i - 3 potions of agility {unknown}
 l - 3 potions of curing {unknown}
 m - a potion of degeneration {unknown}
 o - a potion of magic {unknown}
 q - a potion of heal wounds {unknown}
Comestibles
 f - 5 rations
 h - 14 chunks of flesh


   Skills:
 * Level 3.8 Fighting
 * Level 4.7 Axes
 * Level 3.7 Armour
 * Level 3.9 Shields


You had 3 spell levels left.
You didn't know any spells.
Your spell library was empty.

Dungeon Overview and Level Annotations

Branches:
Dungeon (2/15)

Altars:


Message History

a +4 spear; a +0 club; a hobgoblin skeleton; a frilled lizard skeleton You slice the gnoll!!
You kill the gnoll!
The gnoll hits you but does no damage. The gnoll barely misses you.
You see here a +0 spear.
Your shield and chain mail prevent you from hitting the gnoll.
You block the gnoll's attack.
You hit the gnoll.
The gnoll is lightly wounded.
The gnoll barely misses you.
You closely miss the gnoll.
The gnoll is lightly wounded.
The gnoll hits you with a +0 halberd!
* * * LOW HITPOINT WARNING * * *
The gnoll hits you but does no damage.
Your shield and chain mail prevent you from hitting the gnoll.
The gnoll is lightly wounded.
The gnoll hits you with a +0 halberd!
You die...

## # ##. #. ##.. #.....
# ..#.. #..#...
.......##### ..#...).#
# # ###.#.###@####.#...
........)÷g.........
...#...#.###..#....g
#.#...#.# ##.......
#####....>#.# ##.....
....##....#.######.#...
#..##........#.. # #.
##.##...............
...).............###


You could see a gnoll.

Vanquished Creatures
  3 gnolls (D:2)
  A worm (D:2)
  2 dart slugs (D:1)
  2 leopard geckos
  5 goblins (D:1)
  6 hobgoblins
  2 jackals (D:1)
  2 bats (D:1)
  2 frilled lizards
  2 kobolds (D:1)
  15 rats
42 creatures vanquished.

Notes
Turn   | Place    | Note
-------+----------+-------------------------------------------
     0 | D:1      | Balder the Hill Orc Fighter began the quest for the Orb.
     0 | D:1      | Reached XP level 1. HP: 19/19 MP: 1/1
   131 | D:1      | Reached XP level 2. HP: 27/27 MP: 2/2
   160 | D:1      | Reached skill level 3 in Axes
   377 | D:1      | Reached XP level 3. HP: 33/33 MP: 3/3
   897 | D:2      | Reached skill level 4 in Axes
   926 | D:2      | Reached XP level 4. HP: 25/40 MP: 4/4
   933 | D:2      | Slain by a gnoll

Levels and vault maps discovered:
D:1:      nicolae_arrival_memento_mori, layout_basic, minmay_misc_feat_chi
D:2:      cheibrodos_pilgrimage, layout_rooms

Skill      XL: |  1  2  3 |
---------------+----------+-----
Axes           | 3 4 |  4.7
Fighting       | |  3.8
Armour         | |  3.7
Shields        | |  3.9

Action                   |  1- 3 |  4- 6 || total
-------------------------+-------+-------++-------
Melee: War axe           |   116 |     5 ||   121
  Use: Scroll            |     1 |       ||     1
       Potion            |     1 |       ||     1
Armor: Scale mail        |    45 |       ||    45
       Chain mail        |    16 |     1 ||    17
Dodge: Dodged            |    20 |     2 ||    22
Block: Shield            |    52 |     2 ||    54
